 Dungeon Crawl Stone Soup version 0.30.1-1-g62c8e00024 (webtiles) character file.

Game seed: 18379724957498155423

57005 diecastcamel the Warrior (level 14, -12/113 HPs)
             Began as a Merfolk Gladiator on July 12, 2023.
             Was a High Priest of Hepliaklqana.
             Killed from afar by a fire dragon (24 damage)
             ... with a blast of flame
             ... on level 5 of the Lair of Beasts on July 14, 2023.
             The game lasted 01:39:22 (15758 turns).

diecastcamel the Warrior (Merfolk Gladiator)       Turns: 15758, Time: 01:39:22

Health: -12/113    AC: 27    Str: 19    XL:     14   Next: 84%
Magic:  0/19       EV: 13    Int:  8    God:    Hepliaklqana [*****.]
Gold:   501        SH: 13    Dex: 19    Spells: 13/13 levels left

rFire   . . .        T - +3 trident (venom)
rCold   . . .        l - +1 kite shield {AC+3}
rNeg    . . .        V - +8 chain mail of an ice cave {Contam Dex+4}
rPois   +            c - +0 helmet
rElec   .            (no cloak)
rCorr   .            m - +2 pair of gloves
SInv    .            r - +0 pair of boots
Will    +....        q - amulet of guardian spirit Stlth
                     y - ring of poison resistance
HPRegen 0.38/turn    (no ring)
MPRegen 0.16/turn

%: guardian spirit
@: mighty
A: reduced essence, (nimble swimmer 2), mertail
a: Renounce Religion, Recall Ancestor, Ancestor Identity, Transference, Idealise


You were on level 5 of the Lair of Beasts.
You worshipped Hepliaklqana.
Hepliaklqana was extremely pleased with you.
You visited 3 branches of the dungeon, and saw 15 of its levels.
You also visited: Bailey.

You collected 973 gold pieces.
You spent 472 gold pieces at shops.

Inventory:

Hand Weapons
 h - a +2 lajatang of electrocution
 T - a +3 trident of venom (weapon)
Missiles
 d - 3 throwing nets
 e - 7 javelins
 j - 105 stones
 k - 47 poisoned darts (quivered)
 C - 7 atropa-tipped darts
 H - 3 curare-tipped darts
Armour
 c - a +0 helmet (worn)
 g - the +8 ring mail of Pikkic {rN+ Int+3 Dex+3 Stlth+}
   (You found it in a bailey)

   Int:       It affects your intelligence (+3).
   Dex:       It affects your dexterity (+3).
   rN:        It protects you from negative energy.
   Stlth:     It makes you more stealthy.
 l - a +1 kite shield of protection (worn)
 m - a +2 pair of gloves (worn)
 r - a +0 pair of boots (worn)
 P - a +1 pair of gloves of stealth
 V - the +8 chain mail of an ice cave (worn) {Contam Dex+4}
   (You found it on level 5 of the Lair of Beasts)

   Dex:       It affects your dexterity (+4).
   Contam:    It causes magical contamination when unequipped.
Jewellery
 q - an amulet of guardian spirit (around neck)
 y - a ring of poison resistance (left hand)
 M - an amulet of regeneration
Wands
 Q - a wand of iceblast (6)
 S - a wand of flame (17)
Scrolls
 a - a scroll of brand weapon
 b - 2 scrolls of immolation
 f - a scroll of blinking
 i - 2 scrolls of poison
 n - 6 scrolls of enchant weapon
 s - 4 scrolls of amnesia
 t - a scroll of vulnerability
 w - a scroll of enchant armour
 z - 2 scrolls of noise
 G - 3 scrolls of teleportation
 I - 4 scrolls of magic mapping
 K - a scroll of silence
 L - a scroll of fog
Potions
 o - 2 potions of mutation
 p - 4 potions of lignification
 u - 3 potions of cancellation
 x - a potion of haste
 A - a potion of resistance
 B - a potion of invisibility
 E - a potion of magic
 J - 3 potions of attraction
 U - a potion of brilliance {unknown}
Miscellaneous
 v - a tin of tremorstones (inert)
 N - a box of beasts (inert)
 O - a phial of floods


   Skills:
 + Level 16.3 Fighting
 + Level 14.5 Polearms
 + Level 6.7 Throwing
 + Level 7.5 Armour
 - Level 12.2 Dodging
 - Level 8.2 Shields
 - Level 7.0 Invocations
 + Level 7.3 Evocations


You had 13 spell levels left.
You didn't know any spells.
Your spell library contained the following spells:

 Spells                   Type           Power      Damage    Failure   Level
 Beastly Appendage        Tmut           0%         N/A       99%         1
 Slow                     Hex            0%         N/A       99%         1
 Ensorcelled Hibernation  Hex/Ice        0%         N/A       100%        2
 Wereblood                Tmut           0%         N/A       100%        2
 Confusing Touch          Hex            0%         N/A       100%        3
 Inner Flame              Hex/Fire       0%         N/A       100%        3
 Spider Form              Tmut/Pois      0%         N/A       100%        3
 Stone Arrow              Conj/Erth      0%         3d7       100%        3
 Vampiric Draining        Necr           0%         2d6       100%        3
 Vhi's Electric Charge    Tloc/Air       0%         N/A       100%        3
 Anguish                  Hex/Necr       0%         N/A       100%        4
 Flame Wave               Conj/Fire      0%         2d4       100%        4
 Sticky Flame             Conj/Fire      0%         2d3       100%        4
 Arcjolt                  Conj/Air       0%         1d10      100%        5
 Yara's Violent Unravell  Hex/Tmut       0%         3d3       100%        5
 Plasma Beam              Fire/Air       0%         2x1d11    100%        6
 Dragon Form              Tmut           0%         N/A       100%        7
 Enfeeble                 Hex            0%         N/A       100%        7


Dungeon Overview and Level Annotations

Branches:
Dungeon (9/15)             Temple (1/1) D:4            Lair (5/5) D:9
  Swamp (0/4) Lair:3       Spider (0/4) Lair:3        Slime (0/5) Lair:4
 Bailey (visited)
    Orc: D:9-12

Altars:
Ashenzari
Cheibriados
Dithmenos
Elyvilon
Fedhas
Gozag
Hepliaklqana
Kikubaaqudgha
Makhleb
Nemelex Xobeh
Okawaru
Qazlal
Ru
Sif Muna
Trog
Uskayaw
Vehumet
Wu Jian
Xom
Yredelemnul
Zin
The Shining One

Shops:
D:3 [([

Annotations:
D:8 2 transporters


Innate Abilities, Weirdness & Mutations

Your life essence is reduced to manifest your ancestor. (-10% HP)
((You are very nimble when in or above water. (Stealth+, EV+, Speed+++)))
Your lower body shifts to a powerful aquatic tail in water.


Message History

The fire dragon is severely wounded.
The komodo dragon misses you.
Your juvenile oxshock beast hits the swamp dragon!
Your juvenile oxshock beast tramples the swamp dragon!
The swamp dragon holds its ground!
Unknown command.
You hit the fire dragon but do no damage.
The fire dragon is poisoned.
The fire dragon is severely wounded.
The fire dragon breathes flames at you. The blast of flame hits you!!!
* * * LOW HITPOINT WARNING * * *
The swamp dragon bites your juvenile oxshock beast.
The swamp dragon claws your juvenile oxshock beast.
The swamp dragon tramples your juvenile oxshock beast but does no damage.
Yamquzzuhalamma barely misses the komodo dragon.
You block the komodo dragon's attack.
You feel much better.
Your juvenile oxshock beast hits the swamp dragon.
The swamp dragon dies!
The fire dragon completely misses you. The fire dragon misses you.
The fire dragon tramples you but does no damage.
The komodo dragon bites you but does no damage.
You feel very mighty all of a sudden.
Yamquzzuhalamma hits the komodo dragon with a +0 flail!
You block the fire dragon's attack. The fire dragon claws you!
* * * LOW HITPOINT WARNING * * *
You block the fire dragon's attack. The komodo dragon bites you!
* * * LOW HITPOINT WARNING * * *
Blink to where?
Press: ? - help, Dir - move target Your legs become a tail as you dive into the water.
Your +0 pair of boots melds into your body.
Floosh!
As you read the scroll of blinking, it crumbles to dust.
Something barely misses Yamquzzuhalamma.
Your +0 pair of boots unmelds from your body.
The fire dragon breathes flames at you. The blast of flame hits you!!
You die...

♣.†.♣.♣♣ ♣♣.~≈≈~.?
♣♣.~P...♣ ♣..≈≈~.$
♣♣.≈....P♣
♣.≈≈≈~.♣♣♣♣..≈≈~♣♣.♣♣
♣~≈≈~~~.♣♣P~≈♣♣..♣..♣
♣~≈≈≈≈~♣♣♣~≈..♣♣~..♣♣
♣.≈≈≈~.♣♣.≈..♣♣♣≈~).♣
#....
♣~≈≈..♣♣..~..♣.~♣~~♣♣
#....
♣.~†~l.♣♣♣@..♣..♣≈≈†♣
#....
♣≈.~~.♣♣†..♣♣..♣♣♣~.♣
#....
♣♣...RD§~)~♣...♣♣..♣♣
#....
♣...H≈≈."♣♣♣♣.♣♣~.♣♣
#.... ♣♣...~.P♣♣
♣♣♣♣~~.♣♣#.... ♣♣♣♣♣♣♣♣
###.P.~~P#....
###########.............
#.......................
##<.....................


You could see the friendly Yamquzzuhalamma the knight, a fire dragon (very
poisoned, catching breath, ally target) and a friendly juvenile oxshock beast
(summoned, poisoned).

Vanquished Creatures
  A hydra (Lair:2)
  A boulder beetle (Lair:4)
  9 death yaks
  2 skysharks
  A pharaoh ant (Lair:3)
  A manticore (D:7)
  4 elephants
  2 torpor snails (Lair:4)
  7 black mambas
  3 unseen horror zombies (D:9)
  7 cane toads
  A gargoyle (Bailey)
  5 komodo dragons
  3 rime drakes
  A polar bear (Lair:3)
  A tarantella (Lair:3)
  A hornet (Lair:4)
  6 blink frogs
  3 slime creatures (D:7)
  A shadow (D:7)
  A wraith (D:7)
  Eustachio (D:4)
  31 yaks
  3 wyverns
  4 basilisks
  A vampire (Bailey)
  2 spriggans
  A steam dragon (Lair:4)
  A redback (Lair:4)
  2 acid dragons
  10 water moccasins
  Duvessa (D:4)
  4 black bears
  2 orc warriors (D:8)
  3 swamp drakes (Lair:5)
  3 ice beasts (D:6)
  A hornet zombie (D:9)
  11 wolves
  2 ogres
  A centaur (D:6)
  2 kobold brigands
  A gnoll sergeant (D:7)
  4 bullfrogs
  3 scorpions
  10 wights
  Dowan (D:4)
  5 killer bees (D:9)
  5 howler monkeys
  5 vampire bats (Bailey)
  7 wolf zombies (Bailey)
  2 hounds
  A jelly (D:5)
  A centaur zombie (D:9)
  5 orc priests
  4 sleepcaps
  2 iguanas
  4 orc wizards
  2 howler monkey zombies (D:9)
  A gnoll (D:6)
  15 orc zombies (Bailey)
  3 adders (D:4)
  A white imp (D:4)
  2 ufetubi
  3 worms
  A dart slug (D:1)
  21 orcs
  3 bats
  9 endoplasms
  3 giant cockroaches
  7 hobgoblins
  2 quokkas
  6 ball pythons
  6 frilled lizards
  7 goblins
  11 kobolds
  5 rats
315 creatures vanquished.

Vanquished Creatures (collateral kills)
  A catoblepas (Lair:3)
  A skyshark (Lair:4)
  A swamp dragon (Lair:5)
  6 elephants
  4 black mambas
  3 cane toads (Lair:2)
  An unseen horror zombie (D:9)
  A troll (D:9)
  A polar bear (Lair:3)
  3 blink frogs
  A jumping spider (Lair:3)
  A vampire (D:7)
  5 wyverns
  10 yaks
  A shadow (D:9)
  A steam dragon (D:8)
  2 basilisks (Lair:2)
  6 water moccasins
  An ice beast (D:6)
  8 wolves
  2 centaurs
  2 kobold brigands
  5 bullfrogs
  7 wights
  A killer bee (D:9)
  3 vampire bats (Bailey)
  A wolf zombie (Bailey)
  An electric eel (D:9)
  3 hounds
  2 orc priests (D:8)
  A jelly (D:6)
  3 iguanas
  A sleepcap (D:7)
  An orc wizard (D:9)
  2 howler monkey zombies (D:9)
  7 orc zombies (Bailey)
  A white imp (D:6)
  11 orcs
  7 kobolds
119 creatures vanquished.

Vanquished Creatures (others)
  14 knights
  An ancestor (D:6)
15 creatures vanquished.

Grand Total: 449 creatures vanquished

Notes
Turn   | Place    | Note
-------+----------+-------------------------------------------
     0 | D:1      | diecastcamel the Merfolk Gladiator began the quest for the
                  | Orb.
     0 | D:1      | Reached XP level 1. HP: 16/16 MP: 1/1
   227 | D:1      | Reached XP level 2. HP: 22/22 MP: 2/2
   242 | D:1      | Found a faded altar of an unknown god.
   297 | D:1      | Reached skill level 5 in Polearms
   879 | D:2      | Reached XP level 3. HP: 23/27 MP: 3/3
  1692 | D:3      | Found Rouliusch's Weapon Shop.
  1989 | D:3      | Found Baluof's Armour Shoppe.
  2180 | D:3      | Found Codoegun's Armour Emporium.
  2185 | D:3      | Bought a +0 pair of boots for 58 gold pieces
  2323 | D:3      | Found a sparkling altar of Nemelex Xobeh.
  2328 | D:3      | Found an ancient bone altar of Kikubaaqudgha.
  2712 | D:4      | Reached XP level 4. HP: 24/34 MP: 4/4
  2872 | D:4      | Found a staircase to the Ecumenical Temple.
  2883 | Temple   | Entered the Ecumenical Temple
  2920 | Temple   | Became a worshipper of Hepliaklqana the Forgotten
  2928 | D:4      | Noticed Duvessa
  2930 | D:4      | Noticed Dowan
  2951 | D:4      | Killed Dowan
  2978 | D:4      | Killed Duvessa
  2979 | D:4      | Reached skill level 3 in Fighting
  2979 | D:4      | Reached skill level 1 in Armour
  2979 | D:4      | Reached XP level 5. HP: 41/41 MP: 5/5
  3055 | D:4      | Reached XP level 6. HP: 47/47 MP: 6/6
  3374 | D:4      | Noticed Eustachio
  3415 | D:4      | Killed Eustachio
  3416 | D:4      | Reached skill level 4 in Fighting
  3522 | D:5      | Entered Level 5 of the Dungeon
  3529 | D:5      | Reached XP level 7. HP: 54/54 MP: 7/7
  3857 | D:5      | Reached * piety under Hepliaklqana
  3955 | D:3      | Bought a +1 kite shield of protection for 181 gold pieces
  4111 | D:6      | Reached skill level 1 in Shields
  4179 | D:6      | Reached XP level 8. HP: 54/54 MP: 8/8
  4187 | D:6      | Reached skill level 5 in Fighting
  4583 | D:6      | Reached skill level 6 in Fighting
  4583 | D:6      | Reached XP level 9. HP: 62/62 MP: 9/9
  5371 | D:7      | Reached skill level 10 in Polearms
  5458 | D:7      | Reached skill level 5 in Throwing
  5520 | D:7      | Reached ** piety under Hepliaklqana
  5521 | D:7      | Remembered your ancestor Yamquzzuhalamma as a knight
  5591 | D:7      | Found an iron altar of Okawaru.
  6214 | D:7      | Reached skill level 7 in Fighting
  6305 | D:7      | Noticed a komodo dragon
  6305 | D:7      | Noticed a manticore
  6325 | D:7      | Killed a komodo dragon
  6326 | D:7      | Reached skill level 5 in Shields
  6326 | D:7      | Reached XP level 10. HP: 63/71 MP: 10/10
  6498 | D:7      | Killed a manticore
  6499 | D:7      | Reached skill level 5 in Armour
  6584 | D:7      | Got the Encyclopedia of Minerals and Reformation
  6818 | D:8      | Identified a scroll of acquirement
  6820 | D:8      | Acquired a manual of Fighting
  6885 | D:8      | Found a stormy altar of Qazlal.
  7054 | D:8      | Reached skill level 8 in Fighting
  7144 | D:8      | Found a flagged portal.
  7149 | Bailey   | Entered a bailey
  7347 | Bailey   | Reached skill level 5 in Dodging
  7464 | Bailey   | Noticed a gargoyle
  7491 | Bailey   | Killed a gargoyle
  7583 | Bailey   | HP: 3/73 [something (6)]
  7602 | Bailey   | Reached skill level 9 in Fighting
  7799 | Bailey   | Identified the +8 ring mail of Pikkic {rN+ Int+3 Dex+3
                  | Stlth+}
  7892 | Bailey   | Reached XP level 11. HP: 80/80 MP: 11/11
  8031 | D:8      | Found a glowing golden altar of the Shining One.
  8050 | D:8      | Found a transporter.
  8052 | D:8      | Noticed a centaur warrior
  8053 | D:8      | Found a transporter.
  8053 | D:8      | Noticed a cyclops
  8061 | D:8      | Found a hide-covered altar of Uskayaw.
  8487 | D:8      | Noticed a moth of wrath
  8514 | D:8      | Found a bloodstained altar of Trog.
  8521 | D:8      | Identified the +3 war axe of Xidghuoxt {heavy, Fragile rC+
                  | rN+ Dex+6}
  8878 | D:9      | Reached skill level 10 in Fighting
  8953 | D:9      | Found a basalt altar of Yredelemnul.
  9055 | D:9      | Identified the +5 dagger of Ykaekhly {freeze, rCorr Str+3}
  9117 | D:9      | Identified the +2 robe of Tubaomm {rPois rCorr Int+2
                  | Slay+4}
  9245 | D:9      | Found a staircase to the Lair.
  9251 | D:9      | Reached *** piety under Hepliaklqana
  9255 | D:9      | Reached skill level 11 in Fighting
  9947 | Lair:1   | Entered Level 1 of the Lair of Beasts
 10218 | Lair:1   | Reached skill level 12 in Fighting
 10447 | Lair:1   | Reached XP level 12. HP: 89/91 MP: 12/12
 10568 | Lair:1   | Reached **** piety under Hepliaklqana
 11190 | Lair:2   | Reached skill level 14 in Fighting
 11190 | Lair:2   | Reached skill level 5 in Invocations
 11190 | Lair:2   | Reached XP level 13. HP: 102/102 MP: 12/16
 11407 | Lair:2   | Reached skill level 5 in Evocations
 11470 | Lair:2   | Reached skill level 15 in Fighting
 11791 | Lair:2   | Reached skill level 10 in Dodging
 12544 | Lair:3   | Reached XP level 14. HP: 110/110 MP: 19/19
 12573 | Lair:3   | Found a hole to the Spider Nest.
 12649 | Lair:3   | Reached ***** piety under Hepliaklqana
 12916 | Lair:3   | Identified the +0 robe of Ozup {rF- rC++ Will- Dex+10}
 13097 | Lair:3   | Found a staircase to the Swamp.
 13318 | Lair:4   | Upgraded the game from 0.30.1 to 0.30.1-1-g62c8e00024
 13875 | Lair:4   | Reached skill level 16 in Fighting
 14420 | D:3      | Bought a +3 trident of venom for 233 gold pieces
 14816 | Lair:4   | Found a staircase to the Slime Pits.
 15025 | Lair:5   | Entered Level 5 of the Lair of Beasts
 15689 | Lair:5   | Identified the +8 chain mail of an ice cave {Contam Dex+4}
 15758 | Lair:5   | Killed from afar by a fire dragon

Illustrated notes

Levels and vault maps discovered:
D:1:      elethiomel_arrival_shortcut, layout_basic,
          ebering_ecumenical_altar_rust
D:2:      layout_loops_corners
D:3:      layout_basic, mainiacjoe_overflow_big_doors, serial_shops,
          shop_statue, nicolae_shop_bloodbath_and_beyond,
          nicolae_shop_rolling_square
D:4:      layout_cave_pools, temple_pool_b, uniq_duvessa, uniq_eustachio
D:5:      layout_basic
D:6:      minmay_razor_zed, layout_basic
D:7:      minmay_the_grid_triangle_9x9_rhombus_full
          [minmay_the_grid_triangle_9x9_sprig,
          minmay_the_grid_triangle_9x9_shrine,
          minmay_the_grid_triangle_9x9_pentomino_pain,
          minmay_the_grid_triangle_9x9_warning,
          minmay_the_grid_triangle_9x9_swiss_cheese,
          minmay_the_grid_triangle_9x9_zippers_horizontal,
          minmay_the_grid_triangle_9x9_limited_checkers,
          minmay_the_grid_triangle_9x9_prize_top_heavy], layout_loops_ring,
          okawaru_metal_pillars_1_2
D:8:      layout_loops_cross, gammafunk_temple_overflow_arena, tgw_trog,
          mainiacjoe_overflow_alcove_4, lemuel_round_altar, enter_bailey_3
D:9:      layout_small_grid, nicolae_yredelemnul_corpse_copse, erik_lair_island,
          hex_medium
Temple:   nicolae_temple_ecumenical_triangle
Lair:1:   layout_chaotic_city
Lair:2:   layout_gridlike, infiniplex_staircase_pool_2
Lair:3:   layout_chaotic_city, swamp_mist, nicolae_spider_entry_lesser_pyramids,
          grunt_forest_large_clearing_hut
Lair:4:   layout_roguey, dpeg_slime_entry_corner, grunt_forest_stairs_clearing,
          uniq_urug
Lair:5:   guppyfry_lair_end_dragon, layout_regular_city,
          hangedman_lair_tendril_chambers, minmay_lindwurm_lava, uniq_josephine,
          uniq_kirke

Skill      XL: |  1  2  3  4  5  6  7  8  9 10 11 12 13 14 |
---------------+-------------------------------------------+-----
Polearms       | 5 6 7 8 9 11 12 13 14 | 14.5
Fighting       | 3 4 6 7 9 12 14 15 16 | 16.3
Armour         | 1 2 3 4 5 6 7 |  7.5
Shields        | 1 3 5 6 7 8 |  8.2
Throwing       | 3 4 5 6 |  6.7
Dodging        | 5 7 8 10 12 | 12.2
Invocations    | 5 7 |  7.0
Evocations     | 4 5 7 |  7.3

Action                     |  1- 3 |  4- 6 |  7- 9 | 10-12 | 13-15 || total
---------------------------+-------+-------+-------+-------+-------++-------
  Melee: Trident           |   128 |    78 |   249 |   608 |   202 ||  1265
         Punch             |     1 |       |       |       |       ||     1
         Tailslap          |       |     1 |       |     2 |     5 ||     8
         Spear             |       |       |       |   211 |   593 ||   804
  Throw: Stone             |     2 |     2 |     7 |     5 |     3 ||    19
         Dart              |       |    20 |    20 |     8 |    33 ||    81
         Javelin           |       |     6 |     7 |     9 |     2 ||    24
         Throwing net      |       |       |     1 |       |       ||     1
 Invoke: Ancestor Identity |       |       |     2 |       |       ||     2
         Ancestor Life: Kn |       |       |     1 |       |       ||     1
         Recall Ancestor   |       |       |       |     3 |     3 ||     6
         Transference      |       |       |       |       |     1 ||     1
  Evoke: Box of beasts     |       |       |       |       |     3 ||     3
         Tin of tremorston |       |       |       |       |     3 ||     3
    Use: Scroll            |     4 |       |     6 |    20 |     6 ||    36
         Potion            |       |       |       |     6 |     6 ||    12
   Stab: Sleeping          |     1 |       |       |     1 |       ||     2
         Distracted        |       |       |     1 |     4 |     6 ||    11
 Armour: Leather armour    |     5 |       |       |       |       ||     5
         Ring mail         |    13 |    22 |     3 |   109 |   147 ||   294
         Chain mail        |       |       |    32 |    43 |    17 ||    92
  Dodge: Dodged            |    50 |    26 |    17 |   178 |   243 ||   514
  Block: Kite shield       |       |       |    34 |   253 |   249 ||   536
